Map: Automaton LE

Players

MrNovember - Winner!

  • Race: Zerg Zerg
  • League: Grandmaster
  • Spawn Location: 3:00

FireFerret

  • Race: Terran Terran
  • League: Diamond
  • Spawn Location: 9:00

VOD

Have the link to the VOD?

Description

Time

  • Played on: April 27, 2019, 2:34 p.m.
  • Length: 12:54
Show
View Real Time Build Order
Export as new Build Order

MrNovember Zerg - Winner!

Build Orders: Hatch First, Muta Ling Bane 

Get SALT Encoding   

  12  0:00  Drone  
  13  0:12  Overlord  
  13  0:17  Drone  
  14  0:30  Drone x2  
  16  0:51  Hatchery  
  16  0:53  Drone  
  16  0:56  Drone  
  17  1:01  Drone  
  18  1:12  Extractor  
  18  1:16  Spawning Pool  
  16  1:21  Drone  
  16  1:24  Drone  
  18  1:29  Drone  
  19  1:39  Drone  
  20  1:52  Overlord  
  20  2:04  Queen x2  
  20  2:06  Zergling x4  
  26  2:13  Drone  
  27  2:16  Metabolic Boost  
  27  2:20  Drone  
  29  2:22  Drone  
  29  2:39  Hatchery  
  28  2:45  Drone x2  
  28  2:48  Drone x2  
  32  2:53  Overlord  
  32  2:57  Drone  
  33  3:04  Queen  
  35  3:05  Drone  
  35  3:12  Drone  
  37  3:18  Drone x5  
  41  3:28  Zergling x2  
  41  3:29  Zergling x4  
  41  3:32  Overlord  
  43  3:36  Extractor  
  43  3:38  Drone  
  43  3:50  Queen  
  43  3:51  Queen  
  43  3:52  Drone x3  
  43  3:53  Drone x2  
  52  3:56  Overlord  
  52  4:05  Baneling Nest  
  52  4:07  Drone x4  
  55  4:12  Zergling x4  
  57  4:17  Drone x4  
  57  4:24  Drone  
  62  4:27  Overlord  
  62  4:30  Queen  
  64  4:36  Lair  
  64  4:37  Overlord  
  64  4:39  Drone  
  65  4:48  Zergling x6  
  65  4:52  Drone x4  
  72  4:54  Extractor x2  
  72  4:58  Spore Crawler x2  
  72  4:59  Spore Crawler  
  66  5:00  Drone x3  
  66  5:04  Baneling x4  
  69  5:12  Drone x4  
  73  5:16  Overlord  
  73  5:17  Queen  
  75  5:24  Drone  
  75  5:25  Drone x3  
  79  5:29  Drone  
  79  5:30  Evolution Chamber  
  79  5:32  Evolution Chamber  
  78  5:39  Drone x2, Zergling x8  
  78  5:40  Zergling x8  
  88  5:44  Drone x2  
  88  5:46  Roach Warren  
  89  5:50  Overlord  
  89  5:55  Drone  
  91  5:57  Spire, Zerg Ground Armor Level 1, Zerg Melee Weapons Level 1  
  91  5:59  Overlord x2  
  90  6:05  Centrifical Hooks  
  90  6:08  Overlord  
  87  6:29  Extractor x2  
  87  6:30  Drone x2  
  87  6:31  Drone x5  
  87  6:32  Hatchery  
  91  6:36  Overlord  
  91  6:42  Drone x4  
  91  6:47  Zergling x12  
  101  7:04  Overseer  
  98  7:11  Hatchery  
  98  7:12  Zerg Flyer Weapons Level 1, Mutalisk x5  
  98  7:14  Overlord x2  
  107  7:20  Overlord x2, Mutalisk  
  109  7:27  Zergling x2  
  109  7:28  Zergling x18  
  119  7:36  Extractor  
  118  7:40  Extractor  
  118  7:43  Drone x3  
  119  7:47  Zergling x8  
  123  7:51  Baneling x7  
  123  7:52  Hatchery  
  123  7:53  Mutalisk x2  
  126  8:05  Mutalisk x3  
  126  8:08  Zergling x16  
  126  8:12  Overlord  
  140  8:32  Zergling x26  
  141  8:45  Zergling x4  
  141  8:46  Zergling x14  
  148  8:58  Mutalisk x3  
  154  9:05  Infestation Pit  
  153  9:18  Drone x6  
  153  9:22  Zerg Flyer Armor Level 1  
  159  9:25  Zergling x26  
  159  9:26  Baneling  
  159  9:27  Baneling x10  
  159  9:28  Overseer  
  159  9:29  Zerg Ground Armor Level 2, Pneumatized Carapace, Zerg Melee Weapons Level 2  
  172  9:36  Corruptor  
  174  9:40  Zergling x12  
  178  10:03  Hive  
  178  10:04  Zergling x20  
  178  10:06  Overlord x2  
  188  10:14  Overlord  
  188  10:15  Overlord  
  188  10:18  Baneling x16  
  188  10:22  Pathogen Glands  
  188  10:38  Hatchery  
  187  10:53  Zergling x18  
  187  10:55  Baneling x9  
  176  11:16  Adrenal Glands  
  161  11:18  Ultralisk Cavern  
  161  11:20  Zergling x30  
  164  11:38  Zergling x12  
  162  11:58  Queen  
  161  12:03  Zergling x12  
  161  12:04  Zergling x8  
  171  12:14  Baneling x2  
  171  12:15  Baneling x11  
  171  12:24  Ultralisk Cavern  
  171  12:25  Drone x8  
  171  12:28  Baneling x7  
  171  12:29  Baneling x2  
Show
View Real Time Build Order
Export as new Build Order

FireFerret Terran 

Build Orders: Reaper Expand, Hellion Banshee 

Get SALT Encoding   

  12  0:00  SCV  
  13  0:12  SCV  
  14  0:18  Supply Depot  
  14  0:24  SCV  
  15  0:41  SCV, Barracks  
  16  0:46  Refinery  
  16  0:53  SCV  
  17  1:05  SCV  
  18  1:18  SCV  
  19  1:30  Orbital Command  
  19  1:32  Reaper  
  20  1:45  Command Center  
  20  1:57  SCV  
  20  1:58  Supply Depot  
  21  2:04  Marine  
  22  2:14  SCV  
  23  2:17  Factory  
  23  2:28  SCV  
  24  2:31  Barracks Reactor  
  24  2:40  SCV  
  25  2:46  Refinery  
  25  2:52  SCV  
  25  2:57  Orbital Command  
  26  3:04  SCV  
  27  3:07  Supply Depot  
  26  3:17  SCV  
  26  3:26  SCV  
  27  3:29  SCV  
  27  3:30  Starport  
  28  3:38  Hellion x2, SCV  
  28  3:40  Barracks Tech Lab  
  33  3:41  SCV  
  33  3:43  Supply Depot  
  34  3:50  SCV  
  34  3:53  SCV  
  36  4:00  Supply Depot  
  36  4:02  SCV  
  36  4:04  Hellion x2  
  36  4:05  SCV  
  41  4:10  Supply Depot  
  41  4:17  Supply Depot, Banshee  
  41  4:19  Marine  
  45  4:25  SCV x2  
  45  4:28  Hellion  
  45  4:30  Hellion  
  51  4:37  SCV x2  
  53  4:43  Supply Depot  
  53  4:49  SCV x2  
  55  4:59  Banshee  
  55  5:01  SCV  
  55  5:02  SCV  
  60  5:13  SCV  
  60  5:14  SCV  
  62  5:16  Barracks  
  62  5:17  Barracks Tech Lab  
  62  5:18  Barracks, Factory Reactor  
  62  5:28  SCV x2  
  64  5:35  Command Center  
  64  5:40  SCV x2  
  66  5:50  Stimpack  
  66  5:54  Marine  
  66  5:55  Starport Reactor  
  67  6:00  SCV x2  
  67  6:03  Refinery  
  69  6:05  Refinery  
  69  6:13  Siege Tank  
  69  6:14  SCV x2  
  68  6:26  Marine  
  68  6:27  Marine x3, Marauder  
  68  6:32  Barracks  
  68  6:34  Barracks  
  68  6:37  Engineering Bay  
  68  6:39  Medivac x2  
  72  6:41  Engineering Bay  
  72  6:47  Marine x2  
  72  6:48  Siege Tank, Marine x2  
  72  6:49  Marauder  
  72  6:51  Orbital Command  
  72  6:52  SCV x2  
  83  7:04  SCV x2  
  85  7:09  Medivac  
  85  7:10  Marine x2, Orbital Command  
  85  7:11  Marine x2  
  85  7:13  Marauder  
  90  7:24  Refinery, SCV x2  
  92  7:34  Barracks Reactor x2  
  92  7:35  Siege Tank  
  92  7:36  Marine x3, Marauder  
  100  7:39  Marine  
  101  7:45  Medivac  
  101  7:46  Medivac  
  101  7:49  Terran Infantry Weapons Level 1  
  101  7:50  Terran Infantry Armor Level 1  
  105  7:57  SCV  
  106  7:58  SCV x2  
  106  7:59  Marine  
  106  8:00  Refinery  
  106  8:04  Marine, Marauder  
  106  8:05  Supply Depot  
  112  8:06  Supply Depot  
  112  8:09  SCV, Supply Depot  
  112  8:10  SCV, Marine x2  
  112  8:11  Combat Shield  
  112  8:26  Marine x7  
  112  8:27  Siege Tank  
  112  8:28  Marine  
  112  8:29  Missile Turret  
  112  8:32  Missile Turret  
  109  8:36  Missile Turret  
  109  8:40  SCV x3  
  94  8:41  Marine  
  94  8:43  Marine  
  94  8:48  Marine x6  
  90  8:53  Marine  
  90  8:55  Medivac  
  90  8:56  Medivac  
  90  8:59  Marine  
  90  9:01  Marine  
  95  9:06  Missile Turret, Marine x2  
  95  9:08  Marine x4  
  97  9:10  SCV  
  97  9:11  SCV x2  
  100  9:17  Supply Depot  
  100  9:22  SCV  
  100  9:23  SCV  
  102  9:27  Missile Turret  
  102  9:32  Missile Turret  
  102  9:33  SCV  
  102  9:35  Marine  
  104  9:41  SCV x2  
  104  9:45  SCV  
  90  10:04  SCV x3  
  93  10:11  Missile Turret  
  93  10:14  Marine x3  
  93  10:15  Marine x4, Marauder  
  93  10:16  Siege Tank, SCV x2, Marine  
  108  10:27  SCV  
  108  10:28  SCV x2  
  110  10:34  Armory  
  111  10:46  Armory  
  111  10:49  Marine x6  
  116  10:50  Marine  
  116  10:55  Marine  
  118  11:03  Marine  
  109  11:14  Marine x7  
  82  11:21  Marine  
  82  11:24  SCV x3  
  81  11:31  Marine  
  81  11:36  SCV x3  
  84  11:50  Marine  
  84  11:51  Marine  
  84  11:52  SCV  
  78  11:58  Marine  
  55  12:10  SCV x2  
  55  12:12  Barracks Reactor  
  55  12:13  SCV  
  58  12:22  SCV  
  61  12:24  Marine  
  61  12:29  SCV x2  
  65  12:34  SCV  
  65  12:41  SCV x2  
Tags
 
Add a new tag
Caveats
  • Supply blocks, unpowered buildings, or Contaminate may cause inaccurate times.
  • Supply counts are checked every 10 seconds.